Unix xNetHack Version 7.1.0 - last build Jul 4 2022 02:09:00 (ec8469f2eb63cac24863ec985b09651f3a72bf9f). Game began 2022-07-13 09:58:49, ended 2022-07-13 10:02:19. Raisse, neutral female gnomish Wizard ---- --..| |...---- . --...|.---- - .- --.........----.e.| |..>..|....%.....-- |.....|.......h...- |-.....Gk...---- |...........| |........%<-| ---.........- -......f.....| -........[....-- |................ |..............--- --.|.--......... ---- --------.- -- Raisse the Evoker St:10 Dx:10 Co:15 In:19 Wi:10 Ch:10 Neutral Dlvl:3 $:26 HP:0(11) Pw:7(9) AC:9 Xp:1/15 T:739 Latest messages: You swap places with Poes. You feel tougher! You must have been leading a healthy life-style. o - 2 darts {2}. You stop. Poes is in the way! The door resists! The door resists! The door resists! The door opens. With great effort you move the boulder. In what direction? h The boulder falls apart. You see here 22 rocks. You swap places with Poes. You try to move the boulder, but in vain. You swap places with Poes. You descend the stairs. You impale the kobold. Poes bites the dwarf. The dwarf wields a dagger! The kobold hits! In what direction? h The spell hits the kobold! You kill the kobold! You hear some noises in the distance. Poes misses the dwarf. Poes misses the dwarf. Poes misses the dwarf. Poes bites the dwarf. The dwarf wields a dagger! Poes misses the dwarf. Poes bites the dwarf. The dwarf is killed! Poes eats a dwarf corpse. In what direction? l The spell hits the gnome zombie! You destroy the gnome zombie! The large kobold picks up 2 gems. The large kobold is almost hit by a gold arrow! The large kobold picks up a gold arrow. You don't have enough energy to cast that spell. You miss the large kobold. You don't have enough energy to cast that spell. You gore the large kobold. The large kobold hits! You jab the large kobold. The large kobold punches you! You die... Do you want your possessions identified? [ynq] (y) y Do you want to see your attributes? [ynq] (y) q Major events: Turn 1: Raisse the neutral female gnomish Wizard entered the dungeon 714: entered the Gnomish Mines 739: killed by a large kobold Inventory: Inventory: 358/675 weight (15/52 slots) Coins $ - 26 gold pieces {1} Amulets q - an uncursed glass amulet of ESP {17} Weapons a - a blessed +1 quarterstaff (alternate weapon; not wielded) {40} k - a cursed rusty +0 orcish dagger (weapon in hand) {10} o - 11 uncursed +0 darts {11} Armor g - an uncursed rotted +0 leather plain cloak {15} C - an uncursed burnt +0 cloak of magic resistance (being worn) {8} H - a cursed +0 orcish helm (being worn) {23} T - an uncursed +0 T-shirt with text "Gehennoms Angels" (being worn) {4} Comestibles e - 2 uncursed food rations {40} n - an uncursed lichen corpse {20} Spellbooks c - a blessed spellbook of force bolt {35} d - a blessed spellbook of magic missile {40} f - a blessed spellbook of create monster {40} p - an uncursed spellbook of healing {35} Potions m - an uncursed potion of restore ability {20} Raisse the Wizard's attributes: Background: You were an Evoker, a level 1 female gnomish Wizard. You were neutral, on a mission for Thoth who was opposed by Ptah (lawful) and Anhur (chaotic). You were bisexual. You were in the Gnomish Mines, on level 3. You entered the dungeon 739 turns ago. There was a full moon in effect when your adventure ended. You had 15 experience points, 5 more were needed to attain level 2. Basics: You had 0 out of 11 hit points. You had 7 out of 9 energy points (spell power). Your armor class was 9. Your wallet contained 26 zorkmids. Autopickup was on for '$!?/"=+' plus thrown, with exceptions. Final Characteristics: Your strength was 10 (limit:18/50). Your dexterity was 10 (limit:18). Your constitution was 15 (limit:18). Your intelligence was 19 (limit:19). Your wisdom was 10 (limit:18). Your charisma was 10 (limit:18). Final Status: You were not hungry. You were unencumbered. You were wielding a dagger. You were unskilled in dagger. Final Attributes: You were fervently aligned. You were magic-protected. You had infravision. You were warded. You were lucky. You are dead. Miscellaneous: You never encountered a bones level. Total elapsed playing time was 3 minutes and 30 seconds. Vanquished creatures: a dwarf a gnome zombie a jackal 2 kobolds a goblin a sewer rat a lichen a newt 9 creatures vanquished. No species were genocided or became extinct. Voluntary challenges: You were an atheist. You read items or engraved 4 times. You never genocided any monsters. You never polymorphed an object. You never changed form. You never touched an artifact. You used no wishes. You never scared an enemy with impunity. You were celibate. You never generated conflict. Achievement: You entered the Gnomish Mines. The Dungeons of Doom: levels 1 to 2 Level 1: A fountain. Level 2: A grave. Stairs down to The Gnomish Mines. The Gnomish Mines: Level 3: <- You were here. Final resting place for you, killed by a large kobold. Game over: __________ / \ / REST \ / IN \ / PEACE \ / \ | Raisse | | 26 Au | | killed by a | | large kobold | | | | | | 2022 | *| * * * | * _________)/\\_//(\/(/\)/\//\/|_)_______ Goodbye Raisse the Wizard... You died in The Gnomish Mines on dungeon level 3 with 204 points, and 26 pieces of gold, after 739 moves. You were level 1 with a maximum of 11 hit points when you died.